 Dungeon Crawl Stone Soup version 0.18-a0-1577-gf591c28 (webtiles) character file.

335 ololoev the Magician (level 6, 0/32 HPs)
             Began as a Deep Elf Fire Elementalist on Mar 18, 2016.
             Shot with an arrow by a centaur (5 damage)
             ... on level 6 of the Dungeon.
             The game lasted 00:08:53 (973 turns).

ololoev the Magician (Deep Elf Fire Elementalist)    Turns: 973, Time: 00:08:53

Health: 0/32       AC:  2    Str:  5    XL:     6   Next: 28%
Magic:  9/14       EV: 12    Int: 22    God:
Gold:   85         SH:  0    Dex: 11    Spells: 4 memorised, 4 levels left

rFire  . . .     SeeInvis .     (no weapon)
rCold  . . .     Gourm    .     a - +0 robe
rNeg   . . .     Faith    .     (no shield)
rPois  .         Spirit   .     (no helmet)
rElec  .         Dismiss  .     (no cloak)
rCorr  .         Reflect  .     (no gloves)
SustAt .         Harm     .     (no boots)
MR     .....                    (no amulet)
Stlth  ++........               (no ring)
                                (no ring)

@: not resistant to hostile enchantments, unstealthy
A: clumsy 2, low mp 1, wild magic 1
a: no special abilities


Innate Abilities, Weirdness & Mutations

You are very clumsy. (Dex -4)
Your magical capacity is low (-10% MP).
Your spells are a little harder to cast, but a little more powerful.

Inventory:

Armour
 a - a +0 robe (worn)
Scrolls
 h - 2 scrolls of remove curse {unknown}
 i - a scroll of noise {unknown}
 j - 2 scrolls of blinking {unknown}
 k - a scroll of teleportation {unknown}
 l - a scroll of recharging {unknown}
 m - a scroll of identify {unknown}
Potions
 e - a potion of heal wounds
 f - a potion of experience {unknown}
 g - a potion of curing {unknown}
 n - a potion of haste {unknown}
 o - a potion of ambrosia {unknown}
 q - 2 potions of agility {unknown}
Books
 b - a book of Flames

   Spells                             Type                      Level
   a - Flame Tongue                   Conjuration/Fire             1
   b - Throw Flame                    Conjuration/Fire             2
   c - Conjure Flame                  Conjuration/Fire             3
   d - Inner Flame                    Hexes/Fire                   3
   e - Sticky Flame                   Conjuration/Fire             4
   f - Fireball                       Conjuration/Fire             5
Comestibles
 c - 2 bread rations
 d - a beef jerky
 p - 4 chunks of flesh


   Skills:
 - Level 2.4 Dodging
 - Level 2.4 Stealth
 + Level 5.3 Spellcasting
 * Level 4.8 Conjurations
 + Level 4.8 Fire Magic


You had 4 spell levels left.
You knew the following spells:

 Your Spells              Type           Power        Failure   Level  Hunger
a - Flame Tongue          Conj/Fire      #####        4%          1    None
b - Conjure Flame         Conj/Fire      #####...     11%         3    ##.....
c - Sticky Flame          Conj/Fire      #####...     26%         4    ####...
e - Inner Flame           Hex/Fire       ###.....     22%         3    ##.....


You were on level 6 of the Dungeon.
You were not hungry.

You visited 1 branch of the dungeon, and saw 7 of its levels.

You collected 85 gold pieces.

## #...# ##.####...##
.... ...........# ....
.......†..# .....
.........# ..... ####
#...># ......
#..#########....##......
...............(#.......
................@...#
................#...#
................#.c.#
##################....
#.### .# #

Notes
Turn   | Place    | Note
--------------------------------------------------------------
     0 | D:1      | ololoev the Deep Elf Fire Elementalist began the quest for the Orb.
     0 | D:1      | Reached XP level 1. HP: 10/10 MP: 6/6
   166 | D:1      | jacquesderrida: ХАЙ
   169 | D:1      | ololoev: yo
   171 | D:1      | jacquesderrida: Я ИДУ ЗА ОЧКАМИ
   173 | D:2      | BrandedWarrior: ага!
   173 | D:2      | jacquesderrida: БАЙ
   173 | D:2      | ololoev: лол давай
   178 | D:2      | Reached XP level 2. HP: 15/15 MP: 5/8
   220 | D:1      | jacquesderrida: Астигматический жек...
   251 | D:2      | Reached XP level 3. HP: 19/19 MP: 6/10
   355 | D:3      | Found a snail-covered altar of Cheibriados.
   355 | D:3      | Noticed Natasha
   359 | D:3      | Killed Natasha
   359 | D:3      | Reached skill level 4 in Spellcasting
   384 | D:3      | crauler: скоробег?
   384 | D:3      | Found an ancient bone altar of Kikubaaqudgha.
   385 | D:3      | Found an oddly glowing altar of Pakellas.
   386 | D:3      | ololoev: да
   389 | D:3      | Reached XP level 4. HP: 18/24 MP: 6/12
   530 | D:4      | jacquesderrida: КРАУЛЕР
   593 | D:4      | Learned a level 3 spell: Conjure Flame
   598 | D:4      | Learned a level 4 spell: Sticky Flame
   602 | D:4      | Learned a level 3 spell: Inner Flame
   660 | D:4      | crauler: иннер флейм учишь?
   661 | D:4      | ololoev: да
   661 | D:4      | ololoev: помогает
   691 | D:4      | ololoev: в спидранах
   691 | D:4      | ololoev: в обычных забегах не очень
   725 | D:5      | Entered Level 5 of the Dungeon
   738 | D:5      | Reached XP level 5. HP: 26/28 MP: 7/13
   743 | D:5      | Found an iron altar of Okawaru.
   776 | D:5      | jacquesderrida: спидилалиев
   785 | D:5      | crauler: polearm
   789 | D:5      | crauler: халберда была
   789 | D:5      | ololoev: нетуть
   802 | D:5      | jacquesderrida: Польская рука
   805 | D:5      | jacquesderrida: Полякрука
   805 | D:5      | ololoev: а
   805 | D:5      | ololoev: халберд был!
   805 | D:5      | ololoev: да пофиг
   805 | D:5      | ololoev: еще найду
   810 | D:5      | Noticed Prince Ribbit
   826 | D:5      | jacquesderrida: halberd 8000
   849 | D:5      | Noticed a sky beast
   856 | D:5      | Killed a sky beast
   856 | D:5      | Reached skill level 5 in Spellcasting
   856 | D:5      | Reached XP level 6. HP: 32/32 MP: 7/15
   860 | D:5      | Gained mutation: You are dopey. (Int -2) [mutagenic meat]
   861 | D:5      | Gained mutation: Your magical capacity is low (-10% MP). [mutagenic meat]
   862 | D:5      | Gained mutation: You are clumsy. (Dex -2) [mutagenic meat]
   863 | D:5      | Lost mutation: You are dopey. (Int -2) [mutagenic meat]
   864 | D:5      | Gained mutation: Your spells are a little harder to cast, but a little more powerful. [mutagenic meat]
   865 | D:5      | jacquesderrida: хехе
   865 | D:5      | Gained mutation: You are very clumsy. (Dex -4) [mutagenic meat]
   866 | D:5      | jacquesderrida: вот ет прекол
   866 | D:5      | crauler: лол
   866 | D:5      | ololoev: хреново
   866 | D:5      | crauler: ну хоть вайлд
   973 | D:6      | Shot with an arrow by a centaur

Dungeon Overview and Level Annotations

Branches:
Dungeon (7/15)
 Temple: D:4-7

Altars:
Cheibriados
Kikubaaqudgha
Okawaru
Pakellas

Annotations:
D:5 Prince Ribbit


Message History

Aim: a jackal The flame tongue hits the jackal.
The jackal appears unharmed.
Casting: Flame Tongue
Confirm with . or Enter, or press ? or * to list all spells.
Aiming: Flame Tongue
Press: ? - help, Shift-Dir - straight line, f/p - jackal
Aim: a jackal The flame tongue hits the jackal.
The jackal appears unharmed.
Casting: Flame Tongue
Confirm with . or Enter, or press ? or * to list all spells.
Aiming: Flame Tongue
Press: ? - help, Shift-Dir - straight line, f/p - jackal
Aim: a jackal The flame tongue hits the jackal.
You kill the jackal!
There is a stone staircase leading down here.
Eat one of 4 chunks of flesh? (ye/n/q/i?) This raw flesh tastes terrible.
You continue eating. x2
You climb downwards.
There is a stone staircase leading up here.
As you open the door, it creaks loudly!
You hear a bark!
A hound comes into view.
There is an open door here.
The hound bites you. x2
Casting: Flame Tongue
Confirm with . or Enter, or press ? or * to list all spells.
Aiming: Sticky Flame
Press: ? - help, Shift-Dir - straight line, f - hound
Aim: a hound The sticky flame hits the hound.
The hound is heavily wounded.
The hound is covered in liquid flames!
The hound burns!
The hound bites you.
Casting: Sticky Flame
Confirm with . or Enter, or press ? or * to list all spells.
Aiming: Flame Tongue
Press: ? - help, Shift-Dir - straight line, f/p - hound
Aim: a hound (severely wounded, covered in liquid flames)
The flame tongue hits the hound.
The hound is almost dead.
The hound burns!
You kill the hound!
You see here a hound corpse.
You butcher the hound corpse.
p - 4 chunks of flesh (gained 1)
Found a stone staircase leading down.
An adder comes into view.
Casting: Flame Tongue
Confirm with . or Enter, or press ? or * to list all spells.
Aiming: Flame Tongue
Press: ? - help, Shift-Dir - straight line, f - adder
Aim: an adder (resting)
The flame tongue hits the adder.
The adder is heavily wounded.
Casting: Flame Tongue
Confirm with . or Enter, or press ? or * to list all spells.
Aiming: Flame Tongue
Press: ? - help, Shift-Dir - straight line, f/p - adder
Aim: an adder (heavily wounded)
The flame tongue hits the adder.
The adder is severely wounded.
Casting: Flame Tongue
Confirm with . or Enter, or press ? or * to list all spells.
Aiming: Flame Tongue
Press: ? - help, Shift-Dir - straight line, f/p - adder
Aim: an adder (severely wounded)
The flame tongue hits the adder.
You kill the adder!
There is a stone staircase leading down here.
You climb downwards.
There is a stone staircase leading up here.
You climb upwards.
There is a stone staircase leading down here.
You open the door.
A centaur comes into view.
The centaur shouts!
The centaur wields a shortbow.
The centaur shoots an arrow.
The arrow hits you!
The centaur shoots an arrow.
The arrow hits you!
The centaur shoots an arrow.
The arrow hits you.
You die...

You could see a centaur.

Vanquished Creatures
  A sky beast (D:5)
  2 hounds
  An iguana (D:4)
  Natasha (D:3)
  A worker ant (D:5)
  A hound zombie (D:5)
  2 gnolls
  5 adders
  A worm (D:2)
  A giant gecko (D:1)
  3 bats
  A giant cockroach (D:5)
  2 goblins
  2 hobgoblins (D:2)
  4 jackals
  3 kobolds (D:2)
  A quokka (D:4)
  3 giant newts
  A rat (D:2)
36 creatures vanquished.

Action                   |  1- 3 |  4- 6 || total
-------------------------+-------+-------++-------
Melee: Unarmed           |       |     2 ||     2
 Cast: Flame Tongue      |    32 |    42 ||    74
       Conjure Flame     |       |     3 ||     3
       Sticky Flame      |       |     2 ||     2
       Inner Flame       |       |     1 ||     1
  Use: Potion            |     1 |       ||     1
  Eat: Chunk             |       |     7 ||     7

Vault maps used:
D:1:      dpeg_arrival_simpleton_a, minmay_stone_trees_small
D:2:      gammafunk_temple_overflow_forgotten, first_bread, uniq_terence
D:3:      cheibriados_altar_1, lemuel_round_altar,
          gammafunk_temple_overflow_pools, serial_curves, eino_curves_02,
          eino_curves_02, uniq_natasha
D:5:      okawaru_trees_2, grunt_temple_overflow_open, uniq_prince_ribbit1
D:6:      lemuel_doored_altar, kennysheep_little_box,
          minmay_temple_entry_statues_fountains, grunt_pakellas_mercury,
          uniq_crazy_yiuf_cottage, uniq_edmund
